 Dungeon Crawl Stone Soup version 0.23.2-1-ga50397a (webtiles) character file.

Game seed: 12882603511078223777

40 night the Ruffian (level 3, -3/28 HPs)
             Began as a Draconian Transmuter on May 1, 2019.
             Was an Initiate of Nemelex Xobeh.
             Slain by a gnoll
             ... wielding a +0 halberd
              (4 damage)
             ... on level 2 of the Dungeon.
             The game lasted 00:03:35 (1339 turns).

night the Ruffian (Draconian Transmuter)            Turns: 1339, Time: 00:03:36

Health: -3/28      AC:  7    Str: 12    XL:     3   Next: 30%
Magic:  6/6        EV: 17    Int: 14    God:    Nemelex Xobeh [......]
Gold:   44         SH:  0    Dex: 16    Spells: 3/6 levels left

rFire    . . .     SeeInvis .     - Unarmed
rCold    . . .     Gourm    .   (no shield)
rNeg     . . .     Faith    .   (armour unavailable)
rPois    .         Spirit   .   (helmet restricted)
rElec    .         Reflect  .   (no cloak)
rCorr    .         Harm     .   (no gloves)
MR       .....                  b - +1 pair of boots
Stlth    +++.......             (no amulet)
HPRegen  0.09/turn              (no ring)
MPRegen  0.10/turn              (no ring)

@: agile
A: unfitting armour, camouflage 1, no potion heal 1, cold-blooded, MP-powered
wands, AC +5
a: Draw Escape, Draw Destruction, Draw Summoning, Renounce Religion


You were on level 2 of the Dungeon.
You worshipped Nemelex Xobeh.
Nemelex Xobeh was noncommittal.
You were not hungry.

You visited 1 branch of the dungeon, and saw 2 of its levels.

You collected 44 gold pieces.

Inventory:

Missiles
 a - 28 arrows
 g - 16 sling bullets
Armour
 b - a +1 pair of boots (worn)
Scrolls
 j - a scroll of enchant weapon {unknown}
Potions
 i - a potion of berserk rage
Comestibles
 c - 3 rations
 m - 3 chunks of flesh


   Skills:
 - Level 1.1 Fighting
 - Level 1.7 Dodging
 + Level 3.3 Unarmed Combat
 + Level 2.4 Spellcasting
 * Level 2.9 Transmutations
 + Level 0.5 Invocations


You had 3 spell levels left.
You knew the following spells:

 Your Spells              Type           Power        Failure   Level  Hunger
a - Beastly Appendage     Tmut           #.....       7%          1    #......
b - Sticks to Snakes      Tmut           #.......     11%         2    ###....

Your spell library contained the following spells:

 Spells                   Type           Power        Failure   Level  Hunger
 Spider Form              Tmut/Pois      #.........   36%         3    ###....
 Ice Form                 Ice/Tmut       #.......     77%         4    #####..
 Blade Hands              Tmut           #.........   88%         5    ######.


Dungeon Overview and Level Annotations

Branches:
Dungeon (2/15)

Altars:
Nemelex Xobeh


Innate Abilities, Weirdness & Mutations

Your plain brown scales are hard. (AC +5)
You cannot fit into any form of body armour.
You are cold-blooded and may be slowed by cold attacks.
Your skin changes colour to match your surroundings (Stealth+).
Potions are less effective at restoring your health.
You expend magic power (3 MP) to strengthen your wands.


Message History

It was a potion of mutation.
You feel extremely strange.
Your skin functions as natural camouflage.
Your system partially rejects the healing effects of potions.
You feel your magical essence link to your wands.
The sky beast misses you.
It was a potion of agility.
You feel agile all of a sudden. The gnoll barely misses you.
The sky beast misses you.
As you read the scroll labeled AMISTE EPERE, it crumbles to dust.
It is a scroll of enchant armour.
Your +0 pair of boots glows green for a moment.
The gnoll hits you from afar with a +0 halberd.
* * * LOW HITPOINT WARNING * * *
The sky beast barely misses you.
As you read the scroll labeled PAEXKA FICOUS, it crumbles to dust.
You feel aware of your surroundings.
You sensed 2 altars.
It was a scroll of magic mapping.
The sky beast completely misses you.
The gnoll hits you from afar with a +0 halberd.
You die...
Your body disappears without a glow.

,*,,,,,*,*,#.*,* #.##g#
,*,,,,,*,*,#,*,* ##.##.#
,*******,*,*,*,* #...#.#########
,* *,*,*,*,####.###..........
,*******,,,,,,,#....g..##########
,*,,,,,,,,,,,,*#.##.##># #
,*,,,,,,,,,,,,*#g##.##.# #
,*,,,,,,,,,,,,*#.##.##.# #
,*,,,,,,,,,,,,*#@##.##.# #
**,,,,,,,,,,,,*#Y##.##.# #
*,,,,,,,,,,,,*#.##.##.# #
*,,,,,,,,,,,,*#.##.##.# #
*,,,,,,,,,,,,*#.##.##.#### #
*********+****#.##.#.....#######
*,,,,,..##...........(..
******####.#..##.##.#.##
*,#..##)##.#.##


You could see a sky beast and a gnoll.

Vanquished Creatures
  2 gnolls (D:2)
  A dart slug (D:2)
  2 ball pythons
  A giant cockroach (D:1)
  3 hobgoblins
  4 bats
  A frilled lizard (D:1)
  3 goblins
  2 kobolds
19 creatures vanquished.

Notes
Turn   | Place    | Note
-------+----------+-------------------------------------------
     0 | D:1      | night the Draconian Transmuter began the quest for the Orb.
     0 | D:1      | Reached XP level 1. HP: 16/16 MP: 3/3
   662 | D:1      | Reached XP level 2. HP: 23/23 MP: 5/5
   684 | D:1      | Learned a level 2 spell: Sticks to Snakes
   700 | D:1      | You fall through a shaft!
  1094 | D:2      | Found a sparkling altar of Nemelex Xobeh.
  1114 | D:2      | Became a worshipper of Nemelex Xobeh the Trickster
  1300 | D:2      | Reached XP level 3. HP: 27/28 MP: 6/6
  1330 | D:2      | Noticed a sky beast
  1336 | D:2      | Gained mutation: Your skin changes colour to match your
                  | surroundings (Stealth+). [potion of mutation]
  1336 | D:2      | Gained mutation: Potions are less effective at restoring
                  | your health. [potion of mutation]
  1336 | D:2      | Gained mutation: You expend magic power (3 MP) to
                  | strengthen your wands. [potion of mutation]
  1338 | D:2      | HP: 1/28 [gnoll/+0 halberd (5)]
  1339 | D:2      | Slain by a gnoll

Action                   || total
-------------------------++-------
Melee: Unarmed           ||    93
       Tailslap          ||    10
       Punch             ||     1
 Cast: Beastly Appendage ||     1
  Use: Scroll            ||     4
       Potion            ||     2
 Stab: Sleeping          ||     1
  Eat: Chunk             ||     1
Armor: Skin              ||    39
Dodge: Dodged            ||    78
